 Dungeon Crawl Stone Soup version 0.32-a0-136-gc02482bde3 (webtiles) character file.

Game seed: 6499820595545815207

2 cforsyth the Magician (level 1, 0/17 HPs)
             Began as a Djinni Hexslinger on Feb 10, 2024.
             Frozen to death by an endoplasm (7 damage)
             ... on level 1 of the Dungeon.
             The game lasted 00:00:10 (37 turns).

cforsyth the Magician (Djinni Hexslinger)             Turns: 37, Time: 00:00:11

Health: 0/17       AC:  2    Str:  7    XL:     1   Next: 44%
Gold:   22         EV: 12    Int: 14    God:
                   SH:  0    Dex: 15

rFire   + + .        a - +1 sling
rCold   x . .        (no shield)
rNeg    . . .        c - +0 robe
rPois   ∞            (no helmet)
rElec   .            (no cloak)
rCorr   .            (no gloves)
SInv    .            (boots unavailable)
Will    .....        (no amulet)
Stlth   +            (no ring)
HPRegen 0.22/turn    (no ring)
MPRegen 0.00/turn

%: infuse magic (-1 HP)
@: flying
A: sickness immunity, fire resistance 2, cold vulnerability 1, float, innate
caster, HP casting, extra vitality 1
a: no special abilities


You were on level 1 of the Dungeon.
You visited 1 branch of the dungeon, and saw 1 of its levels.

You collected 22 gold pieces.


Innate Abilities, Weirdness & Mutations

You are immune to sickness and miasma.
You are immune to poison.
Your flesh is very heat resistant. (rF++)
You are vulnerable to cold. (rC-)
You float through the air rather than walking.
You learn spells naturally, not from books.
Your magical power is your life essence.
You have superior vitality. (+4 MHP)


   Skills:
 + Level 1.1 Fighting
 - Level 1.5 Ranged Weapons
 - Level 2.1 Dodging
 + Level 2.7 Spellcasting
 + Level 2.7 Conjurations
 + Level 2.7 Hexes
 + Level 2.7 Summonings
 + Level 2.7 Necromancy
 + Level 2.7 Translocations
 + Level 2.7 Fire Magic
 + Level 2.7 Ice Magic
 + Level 2.7 Air Magic
 + Level 2.7 Earth Magic
 + Level 2.7 Alchemy


You knew the following spells:

 Your Spells              Type           Power      Damage    Failure   Level
c - Cause Fear            Hex            4%         N/A       58%         4
f - Inner Flame           Hex/Fire       9%         N/A       22%         3
X - Jinxbite              Hex            18%        N/A       11%         2
Y - Sigil of Binding      Hex            9%         N/A       22%         3
Z - Dimensional Bullseye  Hex/Tloc       4%         N/A       58%         4
Your spell library was empty.

Inventory:

Hand Weapons
 a - a +1 sling (weapon)
Armour
 c - a +0 robe (worn)
Scrolls
 b - a scroll of poison
 d - a scroll of identify {unknown}

Dungeon Overview and Level Annotations

Branches:
Dungeon (1/15)

Altars:

..§§# # ..#..§≈≈# ##.
...§.§≈▒ . ... ......≈▒
▒▒▒▒ ##. #.#####.≈....▒
+.≈▒ .r.. #.. ...#(#..▒
▒§≈≈ ..#
#.##§§#....▒▒▒▒.§≈ .g#
##..†#.......▒..§≈
#.###@##...##.#..'..§≈
##..##.#J###..≈≈.....'...≈
......$g## #..#......▒..(≈
.......$# #..#..#.▒▒▒▒.≈≈
######..# #.#..#..▒ ▒.≈≈
#..# #.......▒ +.≈▒ #..#
##.....≈▒ ▒▒▒▒ #.[#
#....§≈▒ ...# #.#.≈§≈#


You could see an endoplasm and a hobgoblin.


Message History

A rat comes into view.
The endoplasm misses you. The hobgoblin closely misses you.
The hobgoblin attacks as it pursues you!
The hobgoblin hits you but does no damage.
Unknown command.
You shoot a sling bullet. The sling bullet hits the hobgoblin.
The hobgoblin is almost dead.
The hobgoblin hits you.
You shoot a sling bullet.
The sling bullet hits the hobgoblin but does no damage.
The hobgoblin is almost dead.
The hobgoblin misses you.
You shoot a sling bullet. The sling bullet hits the hobgoblin.
You kill the hobgoblin!
The endoplasm freezes you.
You are frozen.
You shoot a sling bullet. The sling bullet hits the endoplasm.
The endoplasm is almost dead.
The endoplasm freezes you.
You are frozen.
You feel a terrible chill!
* * * LOW HITPOINT WARNING * * *
You are too injured to fight recklessly!
You are too injured to fight recklessly!
You are too injured to fight recklessly!
You shoot a sling bullet.
The sling bullet barely misses the endoplasm.
The sling bullet barely misses the hobgoblin.
The endoplasm freezes you.
You are frozen!
You feel a terrible chill!
You die...

Action                     || total
---------------------------++-------
   Fire: Sling             ||    14
 Armour: Robe              ||     5
  Dodge: Dodged            ||     8

Levels and vault maps discovered:
D:1:      denvon_arrival_hothouse, layout_loops_ring

Notes
Turn   | Place    | Note
-------+----------+-------------------------------------------
     0 | D:1      | cforsyth the Djinni Hexslinger began the quest for the Orb.
     0 | D:1      | cforsyth set off with the following spells memorised:
                  | Jinxbite, Sigil of Binding, Inner Flame, Cause Fear,
                  | Dimensional Bullseye.
     0 | D:1      | Reached XP level 1. HP: 17/17 MP: 0/0
    37 | D:1      | Frozen to death by an endoplasm

Vanquished Creatures
  2 hobgoblins (D:1)
2 creatures vanquished.

Table legend: (Time is in decaauts)
 A = Elapsed time spent in this place.
 B = Non-inter-level travel time spent in this place.
 C = Inter-level travel time spent in this place.
 D = Time resting spent in this place.
 E = Time spent auto-exploring this place.
 F = Levels seen in this place.
 G = Mean time per level.
                   A        B        C        D        E       F      G
               +--------+--------+--------+--------+--------+-----+--------+
         Total |     41 |     41 |      0 |      0 |     15 |   1 |   41.0 |
       Dungeon |     41 |     41 |      0 |      0 |     15 |   1 |   41.0 |
               +--------+--------+--------+--------+--------+-----+--------+

Top non-repeatable levels by time:
     D:1: 41 daAuts

Table legend:
 A = Non-vault XP
 B = Vault XP
 C = Vault XP percentage of total XP
 D = Non-vault monster count
 E = Vault monster count
 F = Vault count percentage of total count
                 A         B        C        D         E       F
            +---------+---------+-------+---------+---------+-------
      Total |       4 |       0 |   0.0 |       2 |       0 |   0.0
            +---------+---------+-------+---------+---------+-------
        D:1 |       4 |       0 |   0.0 |       2 |       0 |   0.0
            +---------+---------+-------+---------+---------+-------
